 Dungeon Crawl Stone Soup version 0.22-a0-93-g6b88ebb (webtiles) character file.

28 4thArraOfDagon the Chopper (level 2, -6/39 HPs)
             Began as a Demigod Wanderer on Jan 24, 2018.
             Killed by divine providence
             ... invoked by an orc priest
              (10 damage)
             ... on level 3 of the Dungeon.
             The game lasted 00:00:57 (413 turns).

4thArraOfDagon the Chopper (Demigod Wanderer)        Turns: 413, Time: 00:00:59

Health: -6/39      AC: 21    Str: 14    XL:     2   Next: 78%
Magic:  4/4        EV:  2    Int: 17    God:
Gold:   22         SH:  0    Dex: 15    Spells: 1/1 levels left

rFire    . . .     SeeInvis .   a - +2 hand axe
rCold    . . .     Gourm    .   (no shield)
rNeg     + + +     Faith    .   (armour currently unavailable)
rPois    +         Spirit   .   (helmet currently unavailable)
rElec    .         Reflect  .   (cloak currently unavailable)
rCorr    .         Harm     .   (gloves currently unavailable)
MR       .....     NoTele   +   (boots currently unavailable)
Stlth    ++........             (no amulet)
HPRegen  0.13/turn              (no ring)
MPRegen  0.09/turn              (no ring)

@: tree-form
A: high mp 1
a: no special abilities


You were on level 3 of the Dungeon.
You were not hungry.
You were a tree.
You visited 1 branch of the dungeon, and saw 3 of its levels.

You collected 22 gold pieces.

Inventory:

Hand Weapons
 a - a +2 hand axe (weapon)
Armour
 d - a +0 robe (melded)
Scrolls
 e - a scroll of teleportation {unknown}
 g - a scroll of magic mapping {unknown}
 h - a scroll of enchant weapon {unknown}
 i - a scroll of identify {unknown}
Comestibles
 f - 2 rations


   Skills:
 + Level 3.1 Fighting
 * Level 4.2 Axes
   Level 1.0 Staves
 - Level 1.0 Throwing
 - Level 1.0 Stealth


You had one spell level left.
You didn't know any spells.

Dungeon Overview and Level Annotations

Branches:
Dungeon (3/15)


Innate Abilities, Weirdness & Mutations

You have an increased reservoir of magic. (+10% MP)


Message History

You kill the orc!
The bat hits you but does no damage. The worm bites you.
Unknown command.
You slash the orc!
You kill the orc!
You hit the worm but do no damage. You closely miss the kobold.
The bat hits you but does no damage. The kobold hits you but does no damage.
The orc priest invokes the aid of Beogh against you.
Beogh smites you!
* * * LOW HITPOINT WARNING * * *
The worm bites you.
* * * LOW HITPOINT WARNING * * *
You cannot move.
Unknown command.
You hit the worm.
The worm is almost dead.
You closely miss the kobold. The kobold hits you but does no damage.
The orc priest mumbles some strange prayers to Beogh against you.
Beogh smites you!
You die...

.#. .... .. ...
#.. ..# #.
###.. ... ...
......#.###..#
......#<.....##
#....Kboo....#
#♣# #w# #.# #<#
#.# ... #.###
#. ##


You could see a worm, an orc priest, an orc, a bat and a kobold.

Vanquished Creatures
  An ooze (D:2)
  A leopard gecko (D:2)
  3 orcs (D:3)
  2 giant cockroaches (D:2)
  A hobgoblin (D:2)
  4 jackals (D:2)
  A quokka (D:2)
  2 bats (D:2)
  2 kobolds
  A rat (D:2)
18 creatures vanquished.

Notes
Turn   | Place    | Note
-------+----------+-------------------------------------------
     0 | D:1      | 4thArraOfDagon the Demigod Wanderer began the quest for the Orb.
     0 | D:1      | 4thArraOfDagon set off with: a +2 hand axe, a potion of lignification, a potion of curing, a +0 robe, a ration
     0 | D:1      | Reached XP level 1. HP: 18/18 MP: 3/3
   169 | D:2      | Reached skill level 4 in Axes
   169 | D:2      | Reached XP level 2. HP: 8/25 MP: 4/4
   349 | D:2      | Found a glowing golden altar of the Shining One.
   413 | D:3      | Killed from afar by an orc priest

Vault maps used:
D:1:      erik_arrival_triangle_large
D:2:      lemuel_coloured_pillars_altar, st_stairs_13
D:3:      elyvilon_altar_5, gammafunk_temple_overflow_statue, minivault_4,
          kennysheep_generic_room_10, uniq_robin

Skill      XL: |  1  2 |
---------------+-------+-----
Axes           | 4 |  4.2
Fighting       | 3 |  3.1
Staves         | |  1.0
Throwing       | |  1.0
Stealth        | |  1.0

Action                   || total
-------------------------++-------
Melee: Hand axe          ||    52
  Use: Potion            ||     2
Armor: Robe              ||     8
       Skin              ||     7
Dodge: Dodged            ||    44

Table legend:
 A = Spawn XP
 B = Non-spawn XP
 C = Spawn XP percentage of total XP
 D = Spawn monster count
 E = Non-spawn monster count
 F = Spawn count percentage of total count
 G = Total turns spent on level
                    A         B        C        D         E        F      G
               +---------+---------+-------+---------+---------+-------+---------
         Total |       0 |      41 |   0.0 |       0 |      18 |   0.0 |   413
               +---------+---------+-------+---------+---------+-------+---------
           D:1 |       0 |       1 |   0.0 |       0 |       1 |   0.0 |    82
           D:2 |       0 |      31 |   0.0 |       0 |      14 |   0.0 |   319
           D:3 |       0 |       9 |   0.0 |       0 |       3 |   0.0 |    12
               +---------+---------+-------+---------+---------+-------+---------
